 Dungeon Crawl Stone Soup version 0.23-a0-183-gf37f6fb (webtiles) character file.

389 glosham the Magician (level 6, -6/36 HPs)
             Began as a Deep Elf Wanderer on Sept 20, 2018.
             Was an Initiate of Vehumet.
             Mangled by an ogre
             ... wielding a +0 giant club
              (24 damage)
             ... on level 5 of the Dungeon on Sept 21, 2018.
             The game lasted 01:11:14 (3320 turns).

glosham the Magician (Deep Elf Wanderer)            Turns: 3320, Time: 01:11:14

Health: -6/36      AC:  7    Str:  9    XL:     6   Next: 50%
Magic:  15/17      EV: 11    Int: 19    God:    Vehumet [......]
Gold:   145        SH:  0    Dex: 14    Spells: 6/17 levels left

rFire    . . .     SeeInvis .   a - +4 mace (venom)
rCold    . . .     Gourm    .   (no shield)
rNeg     + . .     Faith    .   X - +0 robe
rPois    +         Spirit   .   (no helmet)
rElec    .         Reflect  .   Y - +2 cloak
rCorr    .         Harm     .   V - +0 pair of gloves
MR       .....                  W - +0 pair of boots
Stlth    +.........             (no amulet)
HPRegen  0.12/turn              A - ring of poison resistance
MPRegen  0.15/turn              B - ring of positive energy

@: no status effects
A: no striking features
a: Renounce Religion


You were on level 5 of the Dungeon.
You worshipped Vehumet.
Vehumet was noncommittal.
You were not hungry.

You visited 2 branches of the dungeon, and saw 6 of its levels.

You collected 145 gold pieces.

Inventory:

Hand Weapons
 a - a +4 mace of venom (weapon)
 b - a +0 lajatang
 c - a +0 trident
 t - a +0 halberd
 v - a +0 whip of pain
 z - a +0 quarterstaff
Missiles
 d - 64 arrows
 g - 16 bolts
 k - 100 stones (quivered)
 l - 7 javelins
 n - 69 sling bullets
 p - 48 poisoned needles
 q - 3 tomahawks
Armour
 h - a +0 leather armour
 j - a +0 ring mail
 r - a +0 leather armour
 D - a cursed +0 scale mail
 V - a +0 pair of gloves (worn)
 W - a +0 pair of boots (worn)
 X - a +0 robe (worn)
 Y - a +2 cloak (worn)
 Z - a +0 buckler
Jewellery
 A - a ring of poison resistance (left hand)
 B - a ring of positive energy (right hand)
 G - an uncursed ring of positive energy
Scrolls
 e - 4 scrolls of teleportation
 m - 2 scrolls of fear
 s - a scroll of blinking
 x - a scroll of remove curse
Potions
 i - a potion of agility {unknown}
 u - a potion of invisibility
 w - 3 potions of curing
 y - a potion of heal wounds
 C - a potion of lignification {unknown}
 F - a potion of might {unknown}
 H - a potion of ambrosia {unknown}
Miscellaneous
 o - a phial of floods
Comestibles
 f - 7 rations
 E - 4 chunks of flesh


   Skills:
 - Level 2.4 Fighting
 - Level 5.0 Staves
 - Level 1.0 Shields
 * Level 6.4 Spellcasting
 * Level 4.7 Conjurations
 - Level 1.1 Evocations


You had 6 spell levels left.
You knew the following spells:

 Your Spells              Type           Power        Failure   Level  Hunger
b - Blink                 Tloc           N/A          16%         2    None
f - Conjure Flame         Conj/Fire      ###.....     12%         3    ##.....
h - Ensorcelled Hibernat  Hex/Ice        #.....       16%         2    None
m - Mephitic Cloud        Conj/Pois/Air  ##......     17%         3    ##.....
z - Magic Dart            Conj           ###.         1%          1    None

Your spell library contained the following spells:

 Spells                   Type           Power        Failure   Level  Hunger
 Corona                   Hex            #......      11%         1    None
 Dazzling Spray           Conj/Hex       ###...       12%         3    ##.....
 Call Imp                 Summ           #.......     16%         2    None
 Slow                     Hex            #.......     16%         2    None
 Confuse                  Hex            #.......     32%         3    ##.....
 Tukima's Dance           Hex            #.......     32%         3    ##.....


Dungeon Overview and Level Annotations

Branches:
Dungeon (5/15)             Temple (1/1) D:4

Altars:
Ashenzari
Cheibriados
Dithmenos
Elyvilon
Fedhas
Gozag
Hepliaklqana
Kikubaaqudgha
Makhleb
Nemelex Xobeh
Okawaru
Qazlal
Sif Muna
Uskayaw
Vehumet
Wu Jian
Xom
Zin
The Shining One


Message History

E - a chunk of flesh
Things that are here:
a trident; a leather armour; an orc corpse You butcher the orc corpse.
Things that are here:
a trident; a leather armour; 3 chunks of flesh
E - 4 chunks of flesh (gained 3)
Items here: )) [ †† a dagger x2; a robe; an orc corpse x2
Found a stone staircase leading down.
Items here: )) [ †† a dagger x2; a robe; an orc corpse x2
Found 19 stones.
Found 13 gold pieces.
You see here 19 stones.
k - 100 stones (gained 19)
You see here 13 gold pieces.
You now have 145 gold pieces (gained 13).
Found a fizzy silvery potion.
An ogre comes into view. It is wielding a giant club.
You see here a fizzy silvery potion.
H - a fizzy silvery potion
Found 23 stones.
Casting: Mephitic Cloud (safe; 17% risk of failure)
Confirm with . or Enter, or press ? or * to list all spells.
Aiming: Mephitic Cloud (safe; 17% risk of failure)
Press: ? - help, Shift-Dir - straight line The ball explodes into a vile cloud!
The stinking cloud engulfs the ogre.
The ogre is engulfed in noxious fumes.
The ogre appears confused.
A quokka comes into view.
The quokka twitches its whiskers.
You hit the ogre.
The ogre is poisoned.
The ogre is moderately wounded.
The ogre seems less confused.
The quokka bites you. The ogre barely misses you.
You sock the ogre!
The ogre looks as sick as possible!
The ogre is heavily wounded.
The quokka bites you but does no damage.
The ogre hits you with a giant club!!
Ouch! That really hurt!
You die...

........#># #....#
#.## #.#####.#.#
###..# #.# ...
..######..# #.#
#.## #...(.....#
#.# ... #.######..#
#.# ..# #.# #..#
#.# .# #.######..#
#.#
#.........#######.#
###.#..r@.........#
#####O######### #.#
... #.... ......
###.##.# #.# .#


You could see an ogre and a quokka.

Vanquished Creatures
  A sky beast (D:4)
  An orc wizard (D:5)
  2 orc priests (D:5)
  An iguana (D:4)
  7 gnolls
  4 adders
  An adder skeleton (D:4)
  3 worms
  5 dart slugs
  2 leopard geckos (D:1)
  4 orcs
  4 giant cockroaches
  3 goblins (D:3)
  8 hobgoblins
  5 jackals
  2 quokkas
  A ball python (D:2)
  6 bats
  4 frilled lizards
  5 kobolds
  9 rats
78 creatures vanquished.

Notes
Turn   | Place    | Note
-------+----------+-------------------------------------------
     0 | D:1      | glosham the Deep Elf Wanderer began the quest for the Orb.
     0 | D:1      | glosham set off with: a phial of floods, a scroll of
                  | teleportation, a +0 buckler, a +0 robe, a +0 dagger, a
                  | ration
     0 | D:1      | Reached XP level 1. HP: 13/13 MP: 3/3
   149 | D:1      | Reached skill level 1 in Spellcasting
   153 | D:1      | Learned a level 1 spell: Magic Dart
   331 | D:1      | Reached skill level 2 in Spellcasting
   331 | D:1      | Reached XP level 2. HP: 18/18 MP: 5/7
   335 | D:1      | Learned a level 2 spell: Blink
   352 | D:1      | Reached skill level 1 in Conjurations
   895 | D:2      | Reached XP level 3. HP: 20/22 MP: 6/9
   914 | D:1      | Learned a level 3 spell: Mephitic Cloud
   980 | D:1      | Reached skill level 3 in Spellcasting
  1135 | D:1      | Learned a level 3 spell: Conjure Flame
  1197 | D:2      | Reached skill level 2 in Conjurations
  1262 | D:2      | Reached XP level 4. HP: 27/27 MP: 4/11
  1336 | D:2      | Reached skill level 4 in Spellcasting
  1748 | D:3      | Reached skill level 3 in Conjurations
  1766 | D:3      | Reached XP level 5. HP: 15/31 MP: 7/14
  1813 | D:3      | Noticed a fire elemental
  1815 | D:3      | Found a stormy altar of Qazlal.
  1816 | D:3      | Noticed a water elemental
  1816 | D:3      | Noticed an air elemental
  1899 | D:3      | Learned a level 2 spell: Ensorcelled Hibernation
  2343 | D:3      | Reached skill level 5 in Spellcasting
  2506 | D:4      | Found a staircase to the Ecumenical Temple.
  2512 | Temple   | Entered the Ecumenical Temple
  2542 | Temple   | Upgraded the game from 0.23-a0-182-g58cdd98 to
                  | 0.23-a0-183-gf37f6fb
  2626 | Temple   | Became a worshipper of Vehumet
  3130 | D:5      | Entered Level 5 of the Dungeon
  3179 | D:5      | Noticed a sky beast
  3199 | D:4      | Killed a sky beast
  3199 | D:4      | Reached skill level 4 in Conjurations
  3199 | D:4      | Reached XP level 6. HP: 30/36 MP: 11/16
  3233 | D:5      | Reached skill level 6 in Spellcasting
  3239 | D:5      | HP: 1/36 [orc priest/dagger (3)]
  3320 | D:5      | Mangled by an ogre

Vault maps used:
D:1:      nzn_arrival_water_spiral
D:3:      nicolae_qazlal_style_of_elements, first_ration,
          serial_co_window_serial, co_window_paths_a,
          co_window_of_opportunity_a, co_window_paths_a, co_window_paths_b,
          co_window_corner_a, co_window_2corner, co_window_of_opportunity_b,
          co_window_corner_b, co_window_corner_b, glass_columns_a,
          glass_columns_c, glass_columns_b, glass_columns_a,
          minmay_strange_pillars
D:4:      minmay_temple_entry_glassed_door, kennysheep_potato
D:5:      uniq_pikel
Temple:   dpeg_five_rooms_temple

Skill      XL: |  1  2  3  4  5  6 |
---------------+-------------------+-----
Spellcasting   | 2 3 4 5 6 |  6.4
Conjurations   | 1 2 3 4 |  4.7
Fighting       | |  2.4
Staves         | |  5.0
Shields        | |  1.0
Evocations     | |  1.1

Action                   |  1- 3 |  4- 6 || total
-------------------------+-------+-------++-------
Melee: Dagger            |    28 |       ||    28
       Mace              |    43 |    79 ||   122
       Whip              |     7 |       ||     7
       Short sword       |     3 |       ||     3
 Cast: Magic Dart        |    39 |    24 ||    63
       Mephitic Cloud    |     4 |    10 ||    14
       Blink             |     2 |       ||     2
  Use: Scroll            |     4 |     7 ||    11
       Potion            |       |     1 ||     1
 Stab: Sleeping          |     1 |       ||     1
       Confused          |     4 |     3 ||     7
  Eat: Chunk             |     2 |     8 ||    10
Armor: Robe              |    33 |    33 ||    66
Dodge: Dodged            |    65 |    36 ||   101
Block: Buckler           |    14 |       ||    14

Table legend:
 A = Non-vault XP
 B = Vault XP
 C = Vault XP percentage of total XP
 D = Non-vault monster count
 E = Vault monster count
 F = Vault count percentage of total count
                 A         B        C        D         E       F
            +---------+---------+-------+---------+---------+-------
      Total |     542 |      15 |   2.7 |      76 |       2 |   2.6
            +---------+---------+-------+---------+---------+-------
        D:1 |      61 |       0 |   0.0 |      24 |       0 |   0.0
        D:2 |      56 |       0 |   0.0 |      17 |       0 |   0.0
        D:3 |     116 |       0 |   0.0 |      20 |       0 |   0.0
        D:4 |     180 |      15 |   7.7 |       9 |       2 |  18.2
        D:5 |     129 |       0 |   0.0 |       6 |       0 |   0.0
            +---------+---------+-------+---------+---------+-------

Table legend:
 A = Turns spent in this place as a percentage of turns spent in the entire game.
 B = Non-inter-level travel turns spent in this place as a percentage of non-inter-level travel turns spent in the entire game.
 C = Inter-level travel turns spent in this place as a percentage of turns spent in this place.
 D = Turns resting spent in this place as a percentage of non-inter-level travel turns spent in this place.
 E = Turns spent auto-exploring this place as a percentage of non-inter-level travel turns spent in this place.
 F = Non-inter-level travel turns spent in this place divided by the number of levels of this place that you've seen.
                   A       B       C       D       E      F
               +-------+-------+-------+-------+-------+----------------------
         Total | 100.0 | 100.0 |   7.7 |   0.3 |   0.0 | 510.7
       Dungeon |  95.5 |  95.1 |   8.1 |   0.3 |   0.0 | 582.6
        Temple |   4.5 |   4.9 |   0.0 |   0.0 |   0.0 | 151.0
               +-------+-------+-------+-------+-------+----------------------

Table legend:
 A = Kills in this place as a percentage of kills in entire the game.
 B = Kills by you in this place as a percentage of kills by you in the entire game.
 C = Kills by friends in this place as a percentage of kills by friends in the entire game.
 D = Other kills in this place as a percentage of other kills in the entire game.
 E = Experience gained in this place as a percentage of experience gained in the entire game.
 F = Experience gained in this place divided by the number of levels of this place that you have seen.
                   A       B       C       D       E      F
               +-------+-------+-------+-------+-------+----------------------
         Total | 100.0 | 100.0 |   N/A | 100.0 | 100.0 |  92.8
       Dungeon | 100.0 | 100.0 |   N/A | 100.0 | 100.0 | 111.4
               +-------+-------+-------+-------+-------+----------------------

Vault maps used:
D:1:      nzn_arrival_water_spiral
D:3:      nicolae_qazlal_style_of_elements, first_ration,
          serial_co_window_serial, co_window_paths_a,
          co_window_of_opportunity_a, co_window_paths_a, co_window_paths_b,
          co_window_corner_a, co_window_2corner, co_window_of_opportunity_b,
          co_window_corner_b, co_window_corner_b, glass_columns_a,
          glass_columns_c, glass_columns_b, glass_columns_a,
          minmay_strange_pillars
D:4:      minmay_temple_entry_glassed_door, kennysheep_potato
D:5:      uniq_pikel
Temple:   dpeg_five_rooms_temple
